 Dungeon Crawl Stone Soup version 0.29-a0-825-g72347fce65 (webtiles) character file.

Game seed: 14544143017121349370

68 Lekart the Trooper (level 4, -4/40 HPs)
             Began as a Draconian Fighter on July 11, 2022.
             Was a Follower of the Shining One.
             Killed from afar by an orc wizard (6 damage)
             ... with a magic dart
             ... on level 2 of the Dungeon.
             The game lasted 00:01:39 (1269 turns).

Lekart the Trooper (Draconian Fighter)              Turns: 1269, Time: 00:01:40

Health: -4/40      AC:  6    Str: 21    XL:     4   Next: 1%
Magic:  4/4        EV: 12    Int:  8    God:    the Shining One [*.....]
Gold:   63         SH:  0    Dex: 10    Spells: 3/3 levels left

rFire   . . .      SeeInvis .   a - +0 war axe
rCold   . . .      Faith    .   b - +0 buckler
rNeg    . . .      Spirit   .   (body armour unavailable)
rPois   .          Reflect  .   (helmet restricted)
rElec   .          Harm     .   j - +0 cloak
rCorr   .          Rampage  .   (no gloves)
Will    .....                   (no boots)
Stlth   +.........              (no amulet)
HPRegen 0.13/turn               (no ring)
MPRegen 0.09/turn               (no ring)

@: confused, mighty, glowing
A: AC +5, unfitting armour, cold-blooded
a: Renounce Religion, Divine Shield


You were on level 2 of the Dungeon.
You worshipped the Shining One.
The Shining One was aware of your devotion.
You visited 1 branch of the dungeon, and saw 2 of its levels.

You collected 63 gold pieces.

Inventory:

Hand Weapons
 a - a +0 war axe (weapon)
Armour
 b - a +0 buckler (worn)
 j - a +0 cloak (worn)
Jewellery
 e - a +4 ring of protection
Scrolls
 d - a scroll of amnesia {unknown}
 h - a scroll of noise {unknown}
 i - a scroll of magic mapping {unknown}
Potions
 f - a potion of curing {unknown}
 g - a potion of lignification {unknown}


   Skills:
 + Level 3.8 Fighting
 + Level 3.1 Axes
 + Level 3.1 Dodging
 + Level 3.4 Shields


You had 3 spell levels left.
You didn't know any spells.
Your spell library was empty.

Dungeon Overview and Level Annotations

Branches:
Dungeon (2/15)

Altars:
The Shining One


Innate Abilities, Weirdness & Mutations

Your plain brown scales are hard. (AC +5)
You cannot fit into any form of body armour.
You are cold-blooded and may be slowed by cold attacks.


Message History

You barely miss the orc wizard. You hit the orc.
The orc priest mumbles some strange prayers to Beogh against you.
Pain shoots through your body! The orc wizard closely misses you.
You hit the orc priest.
You kill the orc priest!
The Shining One accepts your kill.
You slash the orc wizard! You barely miss the orc wizard.
The orc wizard hits you with a +0 dagger.
You block the orc wizard's attack.
The orc wizard hits you but does no damage.
Your Axes skill increases to level 3!
You have reached level 4!
You feel stronger.
You hit the orc but do no damage.
The orc is moderately wounded.
You hit the orc wizard. x2; You block the orc wizard's attack.
You block the orc's attack. The orc wizard barely misses you.
You hit the orc but do no damage.
The orc is moderately wounded.
You closely miss the orc wizard. You hit the orc wizard.
The orc wizard hits you with a +0 dagger.
The orc hits you with a +0 hand axe.
The orc wizard hits you but does no damage.
The orc hits you with a +0 hand axe.
* * * LOW HITPOINT WARNING * * *
The orc wizard closely misses you.
The orc wizard gestures at you while chanting.
You are confused.
You bump into the rock wall.
The orc hits you but does no damage. The orc wizard casts a spell at you.
You are more confused.
The orc wizard points at you and mumbles some strange words.
The puff of flame misses you.
You feel very mighty all of a sudden. The orc hits you with a +0 hand axe.
* * * LOW HITPOINT WARNING * * *
The orc wizard hits you but does no damage.
The orc wizard gestures at you while chanting.
The magic dart hits you.
You die...

###. ### ... ..#
###.##.#
#......#
.....?o#####.#
######..o@$....#
........o#######
#...#....#
.........#
.........†..#
..........#.#
#...#..##.# #
....... .#
######. .#


You could see 2 orc wizards and an orc.

Vanquished Creatures
  An orc priest (D:2)
  2 dart slugs (D:1)
  3 orcs (D:2)
  A ball python (D:1)
  4 endoplasms (D:1)
  2 giant cockroaches
  A goblin (D:1)
  3 hobgoblins (D:1)
  4 jackals (D:1)
  A quokka (D:1)
  3 bats (D:1)
  A frilled lizard (D:1)
  2 kobolds (D:1)
  A rat (D:1)
29 creatures vanquished.

Notes
Turn   | Place    | Note
-------+----------+-------------------------------------------
     0 | D:1      | Lekart the Draconian Fighter began the quest for the Orb.
     0 | D:1      | Reached XP level 1. HP: 19/19 MP: 1/1
   433 | D:1      | Reached XP level 2. HP: 20/26 MP: 2/2
   993 | D:1      | Found a faded altar of an unknown god.
   998 | D:1      | Reached XP level 3. HP: 31/33 MP: 3/3
  1001 | D:1      | Prayed at the altar of an unknown god.
  1001 | D:1      | Became a worshipper of the Shining One
  1001 | D:1      | Reached * piety under the Shining One
  1266 | D:2      | Reached XP level 4. HP: 17/40 MP: 4/4
  1269 | D:2      | HP: 2/40 [orc/+0 hand axe (6)]
  1269 | D:2      | Killed from afar by an orc wizard

Illustrated notes

Levels and vault maps discovered:
D:1:      evilmike_arrival_crescent, layout_basic, basic_ecumenical_altar
D:2:      cheibrodos_pilgrimage, layout_loops_ring, basic_altar,
          skrybe_limestone_x

Skill      XL: |  1  2  3 |
---------------+----------+-----
Dodging        | 3 |  3.1
Axes           | 3 |  3.1
Fighting       | |  3.8
Shields        | |  3.4

Action                   |  1- 3 |  4- 6 || total
-------------------------+-------+-------++-------
Melee: War axe           |    68 |     2 ||    70
       Tailslap          |     7 |       ||     7
  Use: Potion            |       |     1 ||     1
 Stab: Sleeping          |     1 |       ||     1
Armor: Skin              |    28 |     3 ||    31
Dodge: Dodged            |    56 |     3 ||    59
Block: Buckler           |    13 |     2 ||    15

Table legend: (Time is in decaauts)
 A = Elapsed time spent in this place.
 B = Non-inter-level travel time spent in this place.
 C = Inter-level travel time spent in this place.
 D = Time resting spent in this place.
 E = Time spent auto-exploring this place.
 F = Levels seen in this place.
 G = Mean time per level.
                   A        B        C        D        E       F      G
               +--------+--------+--------+--------+--------+-----+--------+
         Total |   1304 |   1260 |     44 |      0 |   1045 |   2 |  652.0 |
       Dungeon |   1304 |   1260 |     44 |      0 |   1045 |   2 |  652.0 |
               +--------+--------+--------+--------+--------+-----+--------+

Top non-repeatable levels by time:
     D:1: 1281 daAuts
     D:2: 22 daAuts
